 Dungeon Crawl Stone Soup version 0.28-a0-728-g0181a31188 (webtiles) character file.

Game seed: 5456761682156617066

203368 rilgfn the Imperceptible (level 17, 0/91 HPs)
             Began as a Spriggan Enchanter on Oct 28, 2021.
             Was the Champion of Dithmenos.
             Drowned by a drowned soul (15 damage)
             ... summoned by a merfolk avatar
             ... on level 2 of the Shoals.
             The game lasted 01:49:32 (40784 turns).

rilgfn the Imperceptible (Spriggan Enchanter)      Turns: 40784, Time: 01:49:32

Health: 0/91       AC: 12    Str:  9    XL:     17   Next: 97%
Magic:  35/39      EV: 33    Int: 17    God:    Dithmenos [******]
Gold:   1757       SH:  0    Dex: 21    Spells: 37/51 levels left

rFire   . . .      SeeInvis +   d - +8 dagger (flame)
rCold   . . .      Faith    .   (shield restricted)
rNeg    + . .      Spirit   .   e - +2 robe {Archmagi}
rPois   .          Reflect  .   (helmet restricted)
rElec   .          Harm     .   g - +2 cloak {Stlth+}
rCorr   .          Rampage  .   (gloves unavailable)
Will    ++...      Archmagi +   (boots unavailable) Stlth *******+++
                                Q - macabre finger necklace {rN+}
HPRegen 0.25/turn               c - ring of flight
MPRegen 0.26/turn               w - +4 ring of protection
                                P - ring "Peoran" {Dex+4 Slay+4}

@: flying, mesmerised, wreathed by umbra, very quick
A: very small, no large weapons, unfitting armour, see invisible, speed 3,
shaggy fur 1, noise suppression
}: 1/15 runes: gossamer
a: Renounce Religion, Shadow Step, Shadow Form


You were on level 2 of the Shoals.
You worshipped Dithmenos.
Dithmenos was exalted by your worship.
You visited 6 branches of the dungeon, and saw 30 of its levels.

You collected 3536 gold pieces.
You spent 1779 gold pieces at shops.

Inventory:

Hand Weapons
 d - a +8 dagger of flaming (weapon)
 n - a +3 dagger
 R - a +4 dagger of holy wrath
Missiles
 h - 17 curare-tipped darts (quivered)
 x - 3 throwing nets
 L - 82 poisoned darts
Armour
 a - a scarf of invisibility
 e - a +2 robe of the Archmagi (worn)
 g - a +2 cloak of stealth (worn)
Jewellery
 c - a ring of flight (left hand)
 k - a +4 ring of protection
 o - a ring of protection from cold
 w - a +4 ring of protection (right hand)
 C - a ring of magical power
 M - a ring of wizardry
 O - a +6 ring of strength
 P - the ring "Peoran" (on amulet) {Dex+4 Slay+4}
   (You found it on level 3 of the Lair of Beasts)

   [ring of slaying]

   Dex:       It affects your dexterity (+4).
   Slay:      It affects your accuracy & damage with ranged weapons and melee
   (+4).
 Q - the macabre finger necklace (around neck) {rN+}
   (You bought it in a shop on level 3 of the Dungeon)

   [amulet of nothing]

   It enables you to equip an extra ring.
   rN:        It protects you from negative energy.
 S - a +4 ring of protection
 T - an amulet of regeneration
Wands
 l - a wand of polymorph (32)
 r - a wand of flame (74)
 s - a wand of iceblast (18)
 v - a wand of paralysis (21)
 H - a wand of digging (22)
Scrolls
 i - 15 scrolls of identify
 q - 7 scrolls of blinking
 y - 5 scrolls of teleportation
 z - 2 scrolls of fog
 B - 3 scrolls of magic mapping
 G - a scroll of enchant armour
 V - a scroll of brand weapon
 X - a scroll of immolation
 Z - a scroll of fear
Potions
 b - a potion of invisibility
 f - 2 potions of flight
 j - 6 potions of curing
 m - 4 potions of attraction
 t - 6 potions of ambrosia
 u - 6 potions of resistance
 A - 3 potions of cancellation
 D - a potion of berserk rage
 E - 5 potions of lignification
 F - 11 potions of heal wounds
 I - 4 potions of haste
 J - 3 potions of brilliance
 W - 2 potions of might
 Y - a potion of mutation
Miscellaneous
 K - a tin of tremorstones (2/2)
 N - a lightning rod (4/4)


   Skills:
 + Level 11.3 Fighting
 - Level 13.0 Short Blades
 + Level 17.1 Dodging
 + Level 21.9 Stealth
 + Level 17.9 Spellcasting
 + Level 18.0 Hexes


You had 37 spell levels left.
You knew the following spells:

 Your Spells              Type           Power      Damage    Failure   Level
a - Ensorcelled Hibernat  Hex/Ice        100%       N/A       1%          2
b - Tukima's Dance        Hex            86%        N/A       0%          3
c - Dazzling Flash        Conj/Hex       100%       N/A       1%          3
d - Invisibility          Hex            43%        N/A       1%          6

Your spell library contained the following spells:

 Spells                   Type           Power      Damage    Failure   Level
 Confusing Touch          Hex            86%        N/A       0%          3
 Portal Projectile        Hex/Tloc       100%       N/A       1%          3
 Fulminant Prism          Conj/Hex       31%        3d16      1%          4
 Silence                  Hex/Air        31%        N/A       2%          5
 Summon Mana Viper        Hex/Summ       62%        N/A       2%          5
 Yara's Violent Unravell  Hex/Tmut       31%        3d13      2%          5
 Apportation              Tloc           44%        N/A       3%          1
 Freeze                   Ice            88%        1d10      3%          1
 Magic Dart               Conj           88%        1d7       3%          1
 Passwall                 Tmut/Erth      18%        N/A       6%          2
 Searing Ray              Conj           44%        2d6       6%          2
 Static Discharge         Conj/Air       22%        N/A       6%          2
 Sublimation of Blood     Necr           11%        N/A       6%          2
 Wereblood                Tmut           22%        N/A       6%          2
 Frozen Ramparts          Ice            44%        1d6       12%         3
 Gell's Gravitas          Tloc           11%        N/A       12%         3
 Lesser Beckoning         Tloc           22%        N/A       12%         3
 Ozocubu's Armour         Ice            22%        N/A       12%         3
 Swiftness                Air            22%        N/A       12%         3
 Teleport Other           Tloc           22%        N/A       12%         3
 Airstrike                Air            11%        N/A       36%         4
 Dispel Undead            Necr           22%        3d12      36%         4
 Hailstorm                Conj/Ice       22%        3d7       36%         4
 Passage of Golubria      Tloc           22%        N/A       36%         4
 Sticky Flame             Conj/Fire      22%        2d4       36%         4
 Summon Ice Beast         Ice/Summ       22%        N/A       36%         4
 Summon Lightning Spire   Summ/Air       22%        N/A       36%         4
 Alistair's Intoxication  Tmut/Pois      14%        N/A       71%         5
 Blade Hands              Tmut           11%        N/A       71%         5
 Excruciating Wounds      Necr           11%        N/A       71%         5
 Fireball                 Conj/Fire      11%        3d7       71%         5
 Iskenderun's Battlesphe  Conj           22%        2d8       71%         5
 Lightning Bolt           Conj/Air       11%        1d24      71%         5
 Summon Forest            Summ/Tloc      11%        N/A       71%         5
 Conjure Ball Lightning   Conj/Air       11%        3x3d6     99%         6
 Eringya's Noxious Bog    Tmut/Pois      11%        N/A       99%         6
 Summon Cactus Giant      Summ           11%        N/A       99%         6
 Haunt                    Necr/Summ      11%        N/A       100%        7
 Monstrous Menagerie      Summ           11%        N/A       100%        7
 Orb of Destruction       Conj           11%        9d5       100%        7
 Ozocubu's Refrigeration  Ice            11%        4d7       100%        7
 Summon Hydra             Summ           11%        N/A       100%        7
 Lehudib's Crystal Spear  Conj/Erth      11%        10d4      100%        8


Dungeon Overview and Level Annotations

Branches:
Dungeon (15/15)            Temple (1/1) D:4            Lair (6/6) D:8
 Shoals (2/4) Lair:2       Spider (4/4) Lair:2        Slime (0/5) Lair:6
    Orc (2/2) D:12            Elf (0/3) Orc:2        Vaults (0/5) D:13
 Depths (0/4) D:15

Altars:
Ashenzari
Cheibriados
Dithmenos
Fedhas
Gozag
Makhleb
Nemelex Xobeh
Okawaru
Qazlal
Ru
Sif Muna
Trog
Vehumet
Wu Jian
Xom
Yredelemnul
Zin
The Shining One
Beogh

Shops:
D:3 =?:   D:9 *   Orc:2 *!*[   Shoals:1 ?

Annotations:
D:9 2 transporters, gudaz's ghost, journeyman SpEn


Innate Abilities, Weirdness & Mutations

You are very small and have problems with some larger weapons.
You are too small for most types of armour.
You have supernaturally acute eyesight. (SInv)
You cover ground extremely quickly. (Speed+++)
You are covered in fur. (AC +1)
You passively dampen the noise of your surroundings.


Message History

Unknown command.
Aiming: Corrosive Bolt
Press: ? - help, Shift-Dir - straight line, f/p - merfolk avatar
Aim: a merfolk avatar (water, lightly wounded, mesmerising, umbra, 64% to hit)
The bolt of acid hits the merfolk avatar!!
The merfolk avatar is moderately wounded.
The drowned soul touches you. The drowned soul drowns you!
* * * LOW HITPOINT WARNING * * *
The merfolk avatar chants its luring song.
Unknown command.
Unknown command.
Aiming: Corrosive Bolt
Press: ? - help, Shift-Dir - straight line, f/p - merfolk avatar
Aim: a merfolk avatar (water, moderately wounded, mesmerising, umbra, 64% to hit)
The bolt of acid hits the merfolk avatar!
The acid corrodes the merfolk avatar!
The merfolk avatar is heavily wounded.
The now-empty wand crumbles to dust.
The merfolk avatar chants its luring song.
Unknown command.
You closely miss the merfolk avatar.
The merfolk avatar is heavily wounded.
You hit the merfolk avatar. You burn the merfolk avatar.
The merfolk avatar is severely wounded.
The merfolk avatar chants its luring song.
You hit the merfolk avatar. You burn the merfolk avatar.
The merfolk avatar is severely wounded.
Unknown command.
You barely miss the merfolk avatar.
The merfolk avatar is severely wounded.
The drowned soul touches you. The drowned soul drowns you!
* * * LOW HITPOINT WARNING * * *
The merfolk avatar chants its luring song.
Unknown command.
You feel much better. The drowned soul touches you.
The drowned soul drowns you!
* * * LOW HITPOINT WARNING * * *
You emit a cloud of dark smoke.
The drowned soul touches you. The drowned soul drowns you!
You die...

≈≈......≈≈≈≈≈≈≈≈≈≈≈≈≈#
.......≈≈≈≈≈≈≈≈≈≈≈≈≈≈#
###....≈≈≈≈≈≈≈≈≈≈≈≈≈≈#
##.....≈≈≈≈≈≈≈≈≈≈≈≈≈≈#
.#....≈≈≈≈≈≈≈≈≈≈≈≈≈≈≈#
.....≈≈≈≈≈≈≈≈≈≈≈W≈≈≈≈#
...≈≈≈≈≈≈≈≈≈≈≈≈≈≈≈≈≈≈#
≈.≈≈≈≈≈≈≈≈≈≈≈≈≈≈W§≈≈≈#
≈≈≈≈≈≈≈≈≈≈≈≈≈≈≈≈@§≈≈≈#
≈≈≈≈≈≈ ≈≈≈≈≈≈m§≈≈≈≈#
≈≈≈≈.. ≈≈≈≈≈≈≈≈≈≈≈≈#
≈≈≈≈≈≈≈≈≈≈≈≈#
≈≈≈≈≈≈≈≈≈≈≈≈#
≈≈≈≈≈≈≈≈≈≈≈≈#
.≈≈≈≈≈≈≈≈≈≈≈#
..$≈≈≈≈≈≈≈≈≈#


You could see a merfolk avatar (mesmerising, corroded) and 2 drowned souls.

Vanquished Creatures
  Rupert (D:12)
  Frances (Shoals:2)
  Donald (Orc:2)
  An orc warlord (D:12)
  Aizul (Shoals:1)
  2 ghost moths (Spider:4)
  5 emperor scorpions
  A dire elephant (D:15)
  Azrael (Spider:1)
  Nessos (Orc:2)
  2 entropy weavers
  A spark wasp (Spider:4)
  Snorg (D:12)
  A merfolk javelineer (Shoals:1)
  2 merfolk impalers (Shoals:1)
  15 hydras
  An ice dragon (Lair:6)
  Erolcha (Orc:2)
  3 boulder beetles
  2 catoblepae (Lair:3)
  7 centaur warriors
  A merfolk avatar (Shoals:1)
  3 vault guards (D:13)
  An alligator snapping turtle (Shoals:2)
  2 death yaks (Lair:3)
  6 two-headed ogres
  Urug (Lair:4)
  3 tengu warriors (D:13)
  6 orc high priests
  Nergalle (Lair:4)
  Sonja (D:10)
  2 fire crabs (Shoals:1)
  A flayed ghost (D:13)
  6 sea snakes
  A skeletal warrior (D:14)
  2 lindwurms (Lair:6)
  A necromancer (D:13)
  3 wizards (D:13)
  36 wolf spiders
  Pikel (D:4)
  2 deep elf pyromancers (D:14)
  8 orc knights
  17 orb spiders
  6 ugly things
  4 orc sorcerers
  7 cyclopes
  5 manticores
  5 fauns (Shoals:1)
  A salamander (shapeshifter) (D:15)
  26 elephants
  3 moths of wrath
  4 merfolk sirens (Shoals:1)
  4 gargoyles
  11 black mambas
  2 guardian serpents
  7 torpor snails
  An eye of devastation (Lair:6)
  2 unseen horrors
  24 cane toads
  19 komodo dragons
  4 kobold demonologists (D:13)
  An efreet (D:14)
  A freezing wraith (D:14)
  3 rime drakes
  15 demonic crawlers
  4 polar bears
  2 tengu conjurers
  23 jumping spiders
  12 merfolk
  6 trolls
  18 blink frogs
  3 tyrant leeches (Lair:6)
  2 wind drakes (Shoals:1)
  18 hornets
  2 snapping turtles
  23 slime creatures
  A meliai zombie (D:11)
  3 shadows
  32 tarantellas
  7 wraiths
  49 yaks
  5 fire elementals (Spider:1)
  77 redbacks
  3 water elementals (D:14)
  15 wyverns
  7 basilisks
  Eustachio (D:5)
  18 humans (D:13)
  3 fire bats
  2 steam dragons
  6 vampire mosquitoes (D:13)
  Edmund (D:4)
  4 wargs
  2 acid dragons
  A two-headed ogre zombie (D:12)
  25 water moccasins
  2 hell hounds (Spider:1)
  A floating eye (Lair:6)
  2 ice beasts (D:5)
  32 orc warriors
  A black bear (shapeshifter) (D:13)
  A black bear (D:6)
  A boggart (D:14)
  7 centaurs
  3 sky beasts
  8 wolves (Lair:2)
  7 ogres
  A lemure (D:4)
  3 phantoms
  6 kobold brigands
  14 bullfrogs
  2 scorpions
  A water moccasin zombie (D:5)
  A wyvern skeleton (D:7)
  A water moccasin skeleton (D:4)
  3 troll zombies (D:12)
  19 killer bees
  8 electric eels
  9 wights
  2 bullfrog zombies
  17 orc priests
  4 jellies
  2 bullfrog skeletons
  A gnoll shaman (D:8)
  3 hounds
  A centaur skeleton (D:6)
  An iguana (D:6)
  34 orc wizards
  A hell rat (Lair:3)
  4 ogre zombies (D:12)
  A howler monkey zombie (D:9)
  9 gnolls
  3 adders
  A worm (D:3)
  3 dart slugs
  64 orcs
  7 ball pythons
  9 endoplasms
  4 hobgoblins
  5 quokkas
  13 bats
  5 goblins
  A goblin skeleton (D:12)
  A hobgoblin skeleton (D:12)
  3 hobgoblin zombies (D:12)
  23 kobolds
  3 orc skeletons (D:12)
  13 orc zombies (D:12)
  4 rats
  A butterfly (Lair:5)
1062 creatures vanquished.

Vanquished Creatures (collateral kills)
  4 orc warriors
  A bullfrog (D:8)
  A gnoll sergeant (D:9)
  2 wights (D:9)
  2 orc priests
  Crazy Yiuf (D:2)
  4 gnolls
  A dart slug (D:4)
  9 orcs
  A goblin skeleton (D:12)
  A hobgoblin skeleton (D:12)
  An orc zombie (D:12)
28 creatures vanquished.

Vanquished Creatures (others)
  23 dancing weapons
  2 water elementals (D:14)
  An orc wizard (Orc:2)
  2 orcs (Orc:1)
  A bat (D:2)
  10 bushes (D:14)
  46 fungi
  106 plants
191 creatures vanquished.

Grand Total: 1281 creatures vanquished

Notes
Turn   | Place    | Note
-------+----------+-------------------------------------------
     0 | D:1      | rilgfn the Spriggan Enchanter began the quest for the Orb.
     0 | D:1      | Reached XP level 1. HP: 9/9 MP: 5/5
   431 | D:1      | Reached XP level 2. HP: 13/13 MP: 7/7
   434 | D:1      | Learned a level 2 spell: Ensorcelled Hibernation
   515 | D:1      | Found a faded altar of an unknown god.
  1001 | D:2      | Reached XP level 3. HP: 12/16 MP: 6/9
  1005 | D:2      | Learned a level 3 spell: Tukima's Dance
  1009 | D:2      | Learned a level 3 spell: Dazzling Flash
  1737 | D:2      | Found a runed translucent door.
  1738 | D:2      | Noticed Crazy Yiuf
  1756 | D:2      | Killed Crazy Yiuf
  1936 | D:3      | Found Maq Baff's Book Shop.
  1938 | D:3      | Reached skill level 5 in Hexes
  1938 | D:3      | Reached XP level 4. HP: 21/21 MP: 11/11
  1958 | D:3      | Noticed a phantom
  2011 | D:3      | Found a radiant altar of Vehumet.
  2090 | D:3      | Found Ategh's Jewellery Boutique.
  2266 | D:3      | Found Kazetim's Magic Scroll Shop.
  2269 | D:3      | Killed a phantom
  2270 | D:3      | Reached skill level 5 in Spellcasting
  2270 | D:3      | Reached XP level 5. HP: 23/24 MP: 11/13
  2334 | D:3      | Bought a scroll of enchant weapon for 97 gold pieces
  2383 | D:3      | Reached XP level 6. HP: 18/28 MP: 6/15
  2508 | D:3      | Reached skill level 5 in Stealth
  3008 | D:3      | Bought a scroll of identify for 26 gold pieces
  3170 | D:4      | Found a staircase to the Ecumenical Temple.
  3189 | Temple   | Entered the Ecumenical Temple
  3263 | Temple   | Became a worshipper of Dithmenos the Shadowed
  3314 | D:4      | Reached skill level 6 in Stealth
  3407 | D:4      | Reached XP level 7. HP: 32/32 MP: 17/17
  3643 | D:4      | Noticed Pikel
  3650 | D:4      | Killed Pikel
  3651 | D:4      | Reached skill level 7 in Stealth
  3719 | D:4      | Reached * piety under Dithmenos
  3824 | D:4      | Reached skill level 8 in Stealth
  3824 | D:4      | Reached XP level 8. HP: 32/36 MP: 20/20
  4125 | D:5      | Entered Level 5 of the Dungeon
  4332 | D:5      | Noticed Eustachio
  4341 | D:5      | Killed Eustachio
  4350 | D:5      | Reached skill level 9 in Stealth
  4677 | D:5      | Noticed Edmund
  4742 | D:4      | Killed Edmund
  4955 | D:5      | Reached skill level 10 in Stealth
  5050 | D:5      | Gained mutation: You have hidden genetic defects. [potion
                  | of mutation]
  5050 | D:5      | Gained mutation: You passively dampen the noise of your
                  | surroundings. [potion of mutation]
  5050 | D:5      | Gained mutation: Your muscles are strong. (Str +2) [potion
                  | of mutation]
  5074 | D:5      | Reached ** piety under Dithmenos
  5266 | D:5      | Found a burning altar of Makhleb.
  5288 | D:5      | Found a glowing silver altar of Zin.
  5288 | D:5      | Noticed an angel
  5289 | D:5      | Noticed a green death
  5600 | D:6      | Reached XP level 9. HP: 39/39 MP: 23/23
  5785 | D:6      | Gained mutation: You are dopey. (Int -2) [hidden defects]
  6035 | D:6      | Reached skill level 1 in Fighting
  6373 | D:6      | Gained mutation: You are occasionally teleported next to
                  | monsters. [hidden defects]
  6373 | D:6      | Lost mutation: You have hidden genetic defects. [hidden
                  | defects expressed]
  6448 | D:6      | Reached skill level 11 in Stealth
  7068 | D:7      | Reached skill level 10 in Hexes
  7208 | D:7      | Lost mutation: You passively dampen the noise of your
                  | surroundings. [potion of mutation]
  7208 | D:7      | Lost mutation: You are dopey. (Int -2) [potion of mutation]
  7208 | D:7      | Gained mutation: You are covered in fur. (AC +1) [potion of
                  | mutation]
  7208 | D:7      | Gained mutation: Your spells are a little harder to cast,
                  | but a little more powerful. [potion of mutation]
  7489 | D:8      | Reached skill level 5 in Dodging
  7593 | D:8      | Reached XP level 10. HP: 47/47 MP: 17/24
  7596 | D:8      | Reached skill level 10 in Spellcasting
  7801 | D:8      | Reached *** piety under Dithmenos
  7812 | D:8      | Reached skill level 12 in Stealth
  7980 | D:8      | Found a staircase to the Lair.
  8525 | D:9      | Found Warghu Vean's Demolitions Depot.
  9180 | D:9      | Found a transporter.
  9182 | D:9      | Noticed gudaz's ghost (journeyman SpEn)
  9192 | D:9      | Noticed a moth of wrath
  9209 | D:9      | Found a transporter.
  9446 | D:9      | Identified the +7 spear of Zintoim {vorpal, +Blink Dex+7}
  9949 | D:10     | Entered Level 10 of the Dungeon
 10005 | D:10     | Reached skill level 5 in Short Blades
 10363 | D:10     | Found a stormy altar of Qazlal.
 10363 | D:10     | Found a bloodstained altar of Trog.
 10365 | D:10     | Found a sparkling altar of Nemelex Xobeh.
 10369 | D:10     | Found a blossoming altar of Fedhas.
 10369 | D:10     | Found an iron altar of Okawaru.
 10388 | D:10     | Reached **** piety under Dithmenos
 10714 | D:10     | Found a broken altar of Ashenzari.
 10962 | D:10     | Noticed Sonja
 10967 | D:10     | Noticed a two-headed ogre
 10975 | D:10     | Killed Sonja
 10976 | D:10     | Reached XP level 11. HP: 46/53 MP: 21/26
 10987 | D:10     | Killed a two-headed ogre
 11165 | D:11     | Reached skill level 13 in Stealth
 11290 | D:11     | Noticed a two-headed ogre
 11298 | D:11     | Killed a two-headed ogre
 11893 | D:12     | Found a staircase to the Orcish Mines.
 12175 | D:12     | Noticed Snorg
 12188 | D:12     | Killed Snorg
 12382 | D:12     | Noticed a red ugly thing
 12399 | D:12     | Killed a red ugly thing
 12401 | D:12     | Noticed Rupert
 12422 | D:12     | Noticed a two-headed ogre
 12476 | D:12     | Noticed an orc knight
 12476 | D:12     | Noticed an orc sorcerer
 12480 | D:12     | Killed an orc sorcerer
 12481 | D:12     | Reached skill level 5 in Fighting
 12587 | D:12     | Killed an orc knight
 12599 | D:12     | Noticed a two-headed ogre
 12606 | D:12     | Killed a two-headed ogre
 12607 | D:12     | Reached skill level 14 in Stealth
 12607 | D:12     | Noticed an orc warlord
 12614 | D:12     | Killed an orc warlord
 12618 | D:12     | Noticed an orc high priest
 12671 | D:12     | Noticed a two-headed ogre
 12687 | D:12     | Killed a two-headed ogre
 12688 | D:12     | Reached XP level 12. HP: 34/60 MP: 17/28
 12875 | D:12     | Killed a two-headed ogre
 12931 | D:12     | Killed Rupert
 13611 | D:12     | Noticed a two-headed ogre
 13617 | D:12     | Killed a two-headed ogre
 14570 | D:12     | Reached ***** piety under Dithmenos
 14581 | D:12     | Reached skill level 15 in Stealth
 14754 | D:12     | Killed an orc high priest
 14755 | D:12     | Reached skill level 10 in Dodging
 15060 | D:13     | Lost mutation: Your muscles are strong. (Str +2) [potion of
                  | mutation]
 15060 | D:13     | Lost mutation: You are covered in fur. (AC +1) [potion of
                  | mutation]
 15060 | D:13     | Gained mutation: Potions are less effective at restoring
                  | your health. [potion of mutation]
 15060 | D:13     | Gained mutation: You are covered in fur. (AC +1) [potion of
                  | mutation]
 15065 | D:13     | Noticed a tengu warrior
 15067 | D:13     | Noticed a tengu warrior
 15070 | D:13     | Killed a tengu warrior
 15072 | D:13     | Killed a tengu warrior
 15104 | D:13     | Noticed a centaur warrior
 15113 | D:13     | Killed a centaur warrior
 15203 | D:13     | Reached XP level 13. HP: 62/65 MP: 25/30
 15553 | D:13     | Found a blossoming altar of Fedhas.
 15972 | D:13     | Found a burning altar of Makhleb.
 15984 | D:13     | Found a runed translucent door.
 16397 | D:13     | Found a shimmering blue altar of Sif Muna.
 16411 | D:13     | Reached skill level 16 in Stealth
 16486 | D:13     | Found an opulent altar of Gozag.
 16785 | D:13     | Found a basalt altar of Yredelemnul.
 16799 | D:13     | Found a snail-covered altar of Cheibriados.
 17157 | D:13     | Found a gate to the Vaults.
 19275 | D:14     | Reached XP level 14. HP: 69/72 MP: 29/32
 19516 | D:14     | Reached skill level 10 in Short Blades
 19999 | D:14     | Reached skill level 17 in Stealth
 20778 | D:15     | Entered Level 15 of the Dungeon
 20804 | D:15     | Found a staircase to the Depths.
 22087 | Lair:1   | Entered Level 1 of the Lair of Beasts
 22212 | Lair:1   | Reached ****** piety under Dithmenos
 23649 | Lair:2   | Found a hole to the Spider Nest.
 24192 | Lair:2   | Found a staircase to the Shoals.
 24198 | Lair:2   | Reached skill level 18 in Stealth
 24287 | Lair:2   | Found the +3 pair of seven-league boots {Rampage+∞}
 24558 | Lair:3   | Learned a level 6 spell: Invisibility
 25018 | Lair:3   | Lost mutation: Your spells are a little harder to cast, but
                  | a little more powerful. [potion of mutation]
 25018 | Lair:3   | Lost mutation: You are occasionally teleported next to
                  | monsters. [potion of mutation]
 25018 | Lair:3   | Lost mutation: Potions are less effective at restoring your
                  | health. [potion of mutation]
 25018 | Lair:3   | Gained mutation: You passively dampen the noise of your
                  | surroundings. [potion of mutation]
 25018 | Lair:3   | Gained mutation: Your mind is acute. (Int +2) [potion of
                  | mutation]
 25053 | Lair:3   | Reached skill level 15 in Hexes
 25144 | Lair:3   | Reached XP level 15. HP: 78/78 MP: 34/34
 25442 | Lair:3   | Reached skill level 15 in Spellcasting
 25854 | Lair:3   | Identified the ring "Peoran" {Dex+4 Slay+4}
 26089 | D:3      | Bought the macabre finger necklace {rN+} for 440 gold
                  | pieces
 26089 | D:3      | Found the macabre finger necklace {rN+}
 26630 | Lair:3   | Got the Grimoire of Warped Summoning
 27165 | Lair:4   | Noticed Nergalle
 27167 | Lair:4   | Killed Nergalle
 27193 | Lair:4   | Noticed Urug
 27195 | Lair:4   | Killed Urug
 27631 | Lair:4   | Lost mutation: Your mind is acute. (Int +2) [mutagenic
                  | glow]
 28727 | Lair:5   | Reached skill level 19 in Stealth
 29321 | Lair:6   | Entered Level 6 of the Lair of Beasts
 29349 | Lair:6   | Found a staircase to the Slime Pits.
 29977 | Lair:6   | Found a runed translucent door.
 30221 | Lair:6   | Reached XP level 16. HP: 84/84 MP: 36/36
 31689 | Orc:1    | Entered Level 1 of the Orcish Mines
 32059 | Orc:2    | Entered Level 2 of the Orcish Mines
 32110 | Orc:2    | Noticed Nessos
 32118 | Orc:2    | Killed Nessos
 33140 | Orc:2    | Found a staircase to the Elven Halls.
 33140 | Orc:2    | Noticed Erolcha
 33142 | Orc:2    | Killed Erolcha
 33143 | Orc:2    | Reached skill level 15 in Dodging
 33572 | Orc:2    | Noticed Donald
 33574 | Orc:2    | Killed Donald
 33967 | Orc:2    | Reached skill level 10 in Fighting
 33981 | Orc:2    | Reached skill level 20 in Stealth
 34396 | Orc:2    | Found Ogreblel's Assorted Antiques.
 34396 | Orc:2    | Found Hyonip's Antique Armour Shoppe.
 34439 | Orc:2    | Found Retitt's General Store.
 34439 | Orc:2    | Found Essyrgh's Distillery.
 34449 | Orc:2    | Bought a scroll labelled ANITUAW VIENN for 30 gold pieces
 34465 | Orc:2    | Bought 2 potions of curing for 96 gold pieces
 34466 | Orc:2    | Bought a potion of curing for 48 gold pieces
 34466 | Orc:2    | Bought a potion of curing for 48 gold pieces
 34466 | Orc:2    | Bought a potion of haste for 160 gold pieces
 34466 | Orc:2    | Bought a potion of heal wounds for 80 gold pieces
 34466 | Orc:2    | Bought a potion of heal wounds for 80 gold pieces
 34466 | Orc:2    | Bought a potion of heal wounds for 80 gold pieces
 34466 | Orc:2    | Bought a potion of heal wounds for 80 gold pieces
 34466 | Orc:2    | Bought a potion of berserk rage for 80 gold pieces
 34466 | Orc:2    | Bought a potion of might for 64 gold pieces
 34470 | Orc:2    | Bought a scroll of immolation for 105 gold pieces
 34849 | Spider:1 | Entered Level 1 of the Spider Nest
 35181 | Spider:1 | Noticed Azrael
 35189 | Spider:1 | Killed Azrael
 36779 | Spider:3 | Reached XP level 17. HP: 90/90 MP: 36/38
 37286 | Spider:4 | Entered Level 4 of the Spider Nest
 37975 | Spider:4 | Reached skill level 21 in Stealth
 38936 | Spider:4 | Got a gossamer rune of Zot
 39599 | Shoals:1 | Entered Level 1 of the Shoals
 40048 | Shoals:1 | Noticed Aizul
 40049 | Shoals:1 | Found Turr's Magic Scroll Shop.
 40050 | Shoals:1 | Killed Aizul
 40080 | Shoals:1 | Identified a scroll of acquirement
 40080 | Shoals:1 | Acquired a book of Beasts
 40089 | Shoals:1 | Bought a scroll of enchant weapon for 142 gold pieces
 40089 | Shoals:1 | Bought a scroll of teleportation for 57 gold pieces
 40089 | Shoals:1 | Bought a scroll of fear for 66 gold pieces
 40670 | Shoals:2 | Noticed Frances
 40679 | Shoals:2 | Killed Frances
 40784 | Shoals:2 | Drowned by a drowned soul

Illustrated notes

Levels and vault maps discovered:
D:1:      minmay_arrival_jagged, layout_loops_cross,
          ebering_ecumenical_altar_petrified, minmay_misc_feat_alley,
          minmay_misc_feat_enclosed
D:2:      layout_basic, uniq_crazy_yiuf_cottage
D:3:      cheibrodos_thug_alley, layout_rooms, lemuel_crystal_altar,
          serial_shops, shop, shop, shop
D:4:      layout_loops_ring, minmay_temple_entry_overgrown, solitary_fountain,
          grunt_ministairs_14, patterned_corridor, uniq_pikel
D:5:      layout_cave_pools, grunt_temple_overflow_order_and_chaos_2,
          kennysheep_donut, grunt_ministairs_7, uniq_edmund, uniq_eustachio
D:6:      layout_rooms
D:7:      layout_cave_pools
D:8:      layout_layer_cave, grunt_lair_entry_orc_guard_hut
D:9:      layout_stronghold, gammafunk_ghost_berserking_beasts,
          nicolae_blasting_shop, hangedman_decor_peaks_small,
          serial_bayou_lagoon_b
D:10:     layout_long_grid, nicolae_ashenzari_skybound,
          grunt_temple_overflow_open, uniq_sonja
D:11:     layout_roguey
D:12:     orc_temple, layout_long_grid, zombieorc2_lemuel, uniq_rupert,
          uniq_snorg
D:13:     due_megacathedral, layout_basic, grunt_vaults_entry_tiered
D:14:     minmay_blocking_statues, layout_basic, minmay_hedge_maze
D:15:     hangedman_depths_entry_try_elsewhere_first, layout_loops_ring
Temple:   dshaligram_water_room_temple
Lair:1:   layout_regular_city, infiniplex_staircase_pool, serial_bayou_shore_b
Lair:2:   layout_cave_pods, minmay_shoals_entry_hut,
          spider_nest_entry_web_field,
          hellmonk_guarded_unrand_seven_league_boots, lemuel_fruit_tree
Lair:3:   nzn_winding_woodlands_huge [nzn_winding_woodlands_5x15_pockets,
          nzn_winding_woodlands_5x15_sawtooth,
          nzn_winding_woodlands_5x15_sidewinder,
          nzn_winding_woodlands_5x15_twine, nzn_winding_woodlands_5x15_jagged,
          nzn_winding_woodlands_5x15_river_crossing,
          nzn_winding_woodlands_5x15_split_checker,
          nzn_winding_woodlands_5x15_eye, nzn_winding_woodlands_5x15_crooked,
          nzn_winding_woodlands_5x15_garden,
          nzn_winding_woodlands_center_pierced_h,
          nzn_winding_woodlands_center_triple_pond,
          nzn_winding_woodlands_15x15_eel_pit], layout_regular_city
Lair:4:   layout_misc_corridors, serial_rivers, chequers_serial_rivers_large_b,
          chequers_serial_rivers_marsh, chequers_serial_rivers_micro_d,
          chequers_serial_rivers_micro_c, chequers_serial_rivers_micro_a,
          chequers_serial_rivers_micro_d, cheibrodos_lair_lostbears,
          infiniplex_staircase_pool_2, serial_bayou_shore_b, uniq_urug,
          uniq_nergalle
Lair:5:   layout_cave_pods, lemuel_fruit_fields, grunt_megastairs_1
Lair:6:   hangedman_lair_tendril_chambers, layout_regular_city, wormcave,
          minmay_slime_entry_eyes, minivault_26
Shoals:1: layout_shoals, serial_shops, nicolae_shop_statue_plus,
          hangedman_shoal_volcano, uniq_aizul
Shoals:2: layout_shoals, lemuel_altar_in_water, uniq_mlioglotl, uniq_kirke,
          uniq_ilsuiw, uniq_frances
Spider:1: layout_spider_delve, drop_trap, guppyfry_hornet_nest, uniq_azrael
Spider:2: layout_spider_delve
Spider:3: layout_spider_delve
Spider:4: grunt_spider_rune_parallel, nicolae_spider_baby_got_redback
Orc:1:    layout_caves, bh_open_orc_temple
Orc:2:    grunt_orc_tribal_feast, layout_diamond_mine, uniq_donald, uniq_nessos,
          uniq_erolcha

Skill      XL: |  1  2  3  4  5  6  7  8  9 10 11 12 13 14 15 16 17 |
---------------+----------------------------------------------------+-----
Spellcasting   | 3 4 5 6 7 9 10 11 12 13 14 15 16 17 | 17.9
Hexes          | 4 5 6 7 9 10 11 12 13 14 15 16 18 | 18.0
Stealth        | 6 8 10 11 12 14 15 16 18 19 20 21 | 21.9
Dodging        | 5 7 8 10 11 13 14 15 17 | 17.1
Fighting       | 2 4 5 6 7 8 9 10 11 | 11.3
Short Blades   | 3 5 7 8 9 11 12 13 | 13.0

Action                   |  1- 3 |  4- 6 |  7- 9 | 10-12 | 13-15 | 16-18 || total
-------------------------+-------+-------+-------+-------+-------+-------++-------
Melee: Dagger            |    61 |    79 |   317 |   562 |   998 |   993 ||  3010
Throw: Dart              |       |       |       |    12 |       |       ||    12
 Cast: Ensorcelled Hiber |     1 |    16 |    37 |   113 |   242 |   190 ||   599
       Tukima's Dance    |     3 |       |    23 |    46 |    15 |    32 ||   119
       Dazzling Flash    |       |       |     7 |     1 |     3 |     2 ||    13
       Invisibility      |       |       |       |       |     2 |    15 ||    17
Invok: Shadow Step       |       |       |       |     3 |     4 |    10 ||    17
Evoke: Wand              |       |       |       |    14 |     4 |    21 ||    39
       Lightning rod     |       |       |       |       |     3 |     3 ||     6
       Tin of tremorston |       |       |       |       |     1 |     3 ||     4
  Use: Scroll            |     3 |     5 |     8 |     5 |     7 |     7 ||    35
       Potion            |       |       |     3 |     4 |     5 |    10 ||    22
 Stab: Sleeping          |     9 |    15 |    49 |    99 |   261 |   232 ||   665
       Distracted        |     1 |       |     1 |     8 |    13 |    13 ||    36
       Invisible         |       |       |     2 |     1 |    15 |    59 ||    77
       Paralysed         |       |       |       |     1 |     1 |       ||     2
       Petrified         |       |       |       |       |     4 |       ||     4
       Held in net/web   |       |       |       |       |       |     2 ||     2
Armor: Robe              |     8 |    14 |    65 |    87 |    88 |   151 ||   413
Dodge: Dodged            |    36 |    62 |   275 |   490 |   642 |  1327 ||  2832

Table legend: (Time is in decaauts)
 A = Elapsed time spent in this place.
 B = Non-inter-level travel time spent in this place.
 C = Inter-level travel time spent in this place.
 D = Time resting spent in this place.
 E = Time spent auto-exploring this place.
 F = Levels seen in this place.
 G = Mean time per level.
                   A        B        C        D        E       F      G
               +--------+--------+--------+--------+--------+-----+--------+
         Total |  31169 |  29719 |   1450 |   7490 |  15463 |  30 | 1039.0 |
       Dungeon |  17675 |  16889 |    786 |   4418 |   8775 |  15 | 1178.3 |
        Temple |     58 |     46 |     12 |      0 |     22 |   1 |   58.0 |
          Lair |   7010 |   6574 |    436 |   1331 |   3866 |   6 | 1168.3 |
        Shoals |    806 |    763 |     43 |    123 |    392 |   2 |  403.0 |
   Spider Nest |   3433 |   3349 |     84 |   1056 |   1316 |   4 |  858.2 |
  Orcish Mines |   2185 |   2099 |     86 |    561 |   1090 |   2 | 1092.5 |
               +--------+--------+--------+--------+--------+-----+--------+

Top non-repeatable levels by time:
    D:13: 2591 daAuts
    D:12: 2503 daAuts
    D:14: 2074 daAuts
  Lair:3: 1770 daAuts
  Lair:6: 1582 daAuts
   Orc:2: 1435 daAuts
Spider:4: 1394 daAuts
     D:9: 1300 daAuts
  Lair:1: 1232 daAuts
     D:5: 1080 daAuts
     D:3: 1056 daAuts
     D:2: 957 daAuts
  Lair:4: 908 daAuts
    D:10: 906 daAuts
     D:6: 883 daAuts
